NCAA
TENNESSEE VOLUNTEERS @ KENTUCKY WILDCATS
04/22/2029
 
TOP OF THE 1ST
Tennessee Volunteers batting - Pitching for Kentucky Wildcats : LHP Chris Morgan
Pitching: LHP Chris Morgan
Batting: RHB Bruce Carr 0-0: Called Strike
0-1: Ball
1-1: Ground out 1-3 (Groundball, 13)
Batting: SHB Jared Calhoun 0-0: Called Strike
0-1: Ball
1-1: Called Strike
1-2: Ball
2-2: Ball
3-2: Foul Ball, location: 2F
3-2: Base on Balls
Batting: LHB Alfredo Cantú 0-0: Called Strike
0-1: Ball
1-1: Swinging Strike
1-2: Foul Ball, location: 2F
1-2: Foul Ball, location: 2F
1-2: Ball
2-2: Ball
3-2: Foul Ball, location: 2F
3-2: SINGLE (Groundball, 4D)
Jared Calhoun to second
Runner from 2nd tries for 3rd, SAFE, throw made to third
Batting: LHB Carl Coffman 0-0: Ball
1-0: Ball
2-0: Ball
3-0: Called Strike
3-1: Called Strike
3-2: Base on Balls
Alfredo Cantú to second
Batting: RHB Gary Washington 0-0: Ball
1-0: Swinging Strike
1-1: Foul Ball, location: 2F
1-2: Ball
2-2: Foul Ball, location: 2F
2-2: Fly out, F5 (Popup, 5F)
Batting: RHB Rodney Walker 0-0: Fielders Choice at 2nd, 5-4 (Groundball, 56)
Top of the 1st over - 0 runs, 1 hit, 0 errors, 3 left on base; Tennessee 0 - Kentucky 0
BOTTOM OF THE 1ST
Kentucky Wildcats batting - Pitching for Tennessee Volunteers : RHP Daniel Knight
Pitching: RHP Daniel Knight
Batting: RHB Lewis Childress 0-0: Swinging Strike
0-1: Called Strike
0-2: Ball
1-2: Strikes out swinging
Batting: RHB Haywood Young 0-0: Fly out, F8 (Line Drive, 8RM)
Batting: SHB Russ Beasley 0-0: Called Strike
0-1: Ball
1-1: Swinging Strike
1-2: Strikes out swinging
Bottom of the 1st over - 0 runs, 0 hits, 0 errors, 0 left on base; Tennessee 0 - Kentucky 0
TOP OF THE 2ND
Tennessee Volunteers batting - Pitching for Kentucky Wildcats : LHP Chris Morgan
Batting: RHB Lorne McClain 0-0: Foul Ball, location: 2F
0-1: Ball
1-1: Ground out 6-3 (Groundball, 6)
Batting: RHB Chris Harper 0-0: Ball
1-0: Foul Ball, location: 2F
1-1: Fly out, F8 (Flyball, 8LM)
Batting: RHB John Pickup 0-0: Called Strike
0-1: Swinging Strike
0-2: Hit by Pitch
Batting: RHB Bruce Carr 0-0: Ball
1-0: Ground out 4-3 (Groundball, 4)
Top of the 2nd over - 0 runs, 0 hits, 0 errors, 1 left on base; Tennessee 0 - Kentucky 0
BOTTOM OF THE 2ND
Kentucky Wildcats batting - Pitching for Tennessee Volunteers : RHP Daniel Knight
Batting: LHB Caden Cleveland 0-0: Ball
1-0: Ball
2-0: Called Strike
2-1: DOUBLE (Line Drive, 89D)
Batting: RHB Gabriel Sánchez 0-0: Swinging Strike
0-1: Ball
1-1: Called Strike
1-2: Foul Ball, location: 2F
1-2: Strikes out looking
Batting: RHB Ken Jenkins 0-0: Called Strike
0-1: Ball
1-1: Ball
2-1: Ground out 5-3 (Groundball, 56)
Batting: RHB Sam Robinson 0-0: Called Strike
0-1: Reached via error on a dropped throw, E3
Caden Cleveland to third
Batting: RHB Billy Forbes 0-0: SINGLE (Groundball, 15S) (infield hit)
Caden Cleveland scores
Sam Robinson to second
Batting: RHB Jacob Burke 0-0: Ball
1-0: Called Strike
1-1: Ball
2-1: Swinging Strike
2-2: Strikes out swinging
Bottom of the 2nd over - 1 run, 2 hits, 1 error, 2 left on base; Tennessee 0 - Kentucky 1
TOP OF THE 3RD
Tennessee Volunteers batting - Pitching for Kentucky Wildcats : LHP Chris Morgan
Batting: SHB Jared Calhoun 0-0: Foul Ball, location: 2F
0-1: Foul Ball, location: 2F
0-2: Ball
1-2: Ball
2-2: Ball
3-2: Base on Balls
Batting: LHB Alfredo Cantú 0-0: Ball
1-0: Ball
2-0: Called Strike
2-1: Foul Ball, location: 2F
2-2: Ball
3-2: Foul Ball, location: 2F
3-2: Foul Ball, location: 2F
3-2: Ground out 6-3 (Groundball, 6S)
Jared Calhoun to second
Batting: LHB Carl Coffman 0-0: Called Strike
0-1: Called Strike
0-2: Ball
1-2: Foul Ball, location: 2F
1-2: Strikes out looking
Batting: RHB Gary Washington 0-0: Ball
1-0: Foul Ball, location: 2F
1-1: Fly out, F9 (Flyball, 9)
Top of the 3rd over - 0 runs, 0 hits, 0 errors, 1 left on base; Tennessee 0 - Kentucky 1
BOTTOM OF THE 3RD
Kentucky Wildcats batting - Pitching for Tennessee Volunteers : RHP Daniel Knight
Batting: RHB Lewis Childress 0-0: Swinging Strike
0-1: Fly out, F3 (Popup, 3S)
Batting: RHB Haywood Young 0-0: Foul Ball, location: 2F
0-1: Swinging Strike
0-2: Strikes out looking
Batting: SHB Russ Beasley 0-0: Called Strike
0-1: Foul Ball, location: 2F
0-2: Ball
1-2: Ball
2-2: Foul Ball, location: 2F
2-2: SINGLE (Groundball, 3D)
Batting: LHB Caden Cleveland 0-0: Ball
Russ Beasley is caught stealing 2nd base
Bottom of the 3rd over - 0 runs, 1 hit, 0 errors, 0 left on base; Tennessee 0 - Kentucky 1
TOP OF THE 4TH
Tennessee Volunteers batting - Pitching for Kentucky Wildcats : LHP Chris Morgan
Batting: RHB Rodney Walker 0-0: SINGLE (Groundball, 56D)
Batting: RHB Lorne McClain 0-0: Foul Ball, location: 2F
0-1: Ball
1-1: Swinging Strike
1-2: Strikes out looking
Batting: RHB Chris Harper 0-0: Fly out, F8 (Flyball, 8LM)
Batting: RHB John Pickup 0-0: Called Strike
0-1: Ball
1-1: Ball
2-1: Ball
3-1: SINGLE (Flyball, 8RS)
Rodney Walker to second
Batting: RHB Bruce Carr 0-0: Foul Ball, location: 2F
0-1: Ball
1-1: Ball
2-1: Swinging Strike
2-2: TRIPLE (Line Drive, 8RXD)
Rodney Walker scores
John Pickup scores
Pitching: RHP Doug Sales
Batting: SHB Jared Calhoun 0-0: Ball
1-0: Fly out, F7 (Flyball, 7)
Top of the 4th over - 2 runs, 3 hits, 0 errors, 1 left on base; Tennessee 2 - Kentucky 1
BOTTOM OF THE 4TH
Kentucky Wildcats batting - Pitching for Tennessee Volunteers : RHP Daniel Knight
Batting: LHB Caden Cleveland 0-0: Called Strike
0-1: Ball
1-1: Foul Ball, location: 2F
1-2: SINGLE (Groundball, 34) (infield hit)
Batting: RHB Gabriel Sánchez 0-0: Called Strike
0-1: Ball
1-1: Ball
2-1: Called Strike
2-2: Foul Ball, location: 2F
2-2: Foul Ball, location: 2F
2-2: Foul Ball, location: 2F
2-2: Ball
3-2: Foul Ball, location: 2F
3-2: Strikes out swinging
Batting: RHB Ken Jenkins 0-0: Ball
1-0: Fly out, F7 (Flyball, 7LD)
Batting: RHB Sam Robinson 0-0: Ball
1-0: Swinging Strike
1-1: Ball
2-1: Foul Ball, location: 2F
2-2: Ball
3-2: Strikes out swinging, 2-3 out at first.
Bottom of the 4th over - 0 runs, 1 hit, 0 errors, 1 left on base; Tennessee 2 - Kentucky 1
TOP OF THE 5TH
Tennessee Volunteers batting - Pitching for Kentucky Wildcats : RHP Doug Sales
Batting: LHB Alfredo Cantú 0-0: Called Strike
0-1: Called Strike
0-2: Ball
1-2: Strikes out swinging
Batting: LHB Carl Coffman 0-0: Called Strike
0-1: Swinging Strike
0-2: Ball
1-2: Foul Ball, location: 2F
1-2: SINGLE (Line Drive, 4MD)
Batting: RHB Gary Washington 0-0: Ball
1-0: Called Strike
1-1: Foul Ball, location: 2F
1-2: Strikes out swinging
Batting: RHB Rodney Walker 0-0: Ball
1-0: Fly out, F5 (Line Drive, 56)
Top of the 5th over - 0 runs, 1 hit, 0 errors, 1 left on base; Tennessee 2 - Kentucky 1
BOTTOM OF THE 5TH
Kentucky Wildcats batting - Pitching for Tennessee Volunteers : RHP Daniel Knight
Batting: RHB Billy Forbes 0-0: Foul Ball, location: 2F
0-1: Swinging Strike
0-2: Ball
1-2: Fly out, F7 (Flyball, 7S)
Batting: RHB Jacob Burke 0-0: Ball
1-0: Called Strike
1-1: Foul Ball, location: 2F
1-2: Ball
2-2: Strikes out looking
Batting: RHB Lewis Childress 0-0: Called Strike
0-1: Foul Ball, location: 2F
0-2: Ball
1-2: Fly out, F9 (Flyball, 89S)
Bottom of the 5th over - 0 runs, 0 hits, 0 errors, 0 left on base; Tennessee 2 - Kentucky 1
TOP OF THE 6TH
Tennessee Volunteers batting - Pitching for Kentucky Wildcats : RHP Doug Sales
Batting: RHB Lorne McClain 0-0: Called Strike
0-1: Ball
1-1: Foul Ball, location: 2F
1-2: Foul Ball, location: 2F
1-2: Strikes out looking
Batting: RHB Chris Harper 0-0: Ground out 6-3 (Groundball, 6)
Batting: RHB John Pickup 0-0: Called Strike
0-1: Ball
1-1: Ball
2-1: SOLO HOME RUN (Flyball, 7D), Distance : 370 ft
Batting: RHB Bruce Carr 0-0: Ball
1-0: Fly out, F8 (Flyball, 8RM)
Top of the 6th over - 1 run, 1 hit, 0 errors, 0 left on base; Tennessee 3 - Kentucky 1
BOTTOM OF THE 6TH
Kentucky Wildcats batting - Pitching for Tennessee Volunteers : RHP Daniel Knight
Batting: RHB Haywood Young 0-0: Ball
1-0: Ground out 6-3 (Groundball, 6)
Batting: SHB Russ Beasley 0-0: Ball
1-0: Foul Ball, location: 2F
1-1: Foul Ball, location: 2F
1-2: Fly out, F4 (Line Drive, 4)
Batting: LHB Caden Cleveland 0-0: SINGLE (Groundball, 4D)
Pitching: RHP Jim Frank
Batting: RHB Gabriel Sánchez 0-0: Ball
1-0: Ball
2-0: Called Strike
2-1: Foul Ball, location: 2F
2-2: Fly out, F8 (Flyball, 8LXD)
Bottom of the 6th over - 0 runs, 1 hit, 0 errors, 1 left on base; Tennessee 3 - Kentucky 1
TOP OF THE 7TH
Tennessee Volunteers batting - Pitching for Kentucky Wildcats : RHP Doug Sales
Batting: SHB Jared Calhoun 0-0: Ball
1-0: Foul Ball, location: 2F
1-1: Called Strike
1-2: Foul Ball, location: 2F
1-2: Ball
2-2: Ball
3-2: Strikes out looking
Batting: LHB Alfredo Cantú 0-0: Called Strike
0-1: Foul Ball, location: 2F
0-2: Ball
1-2: Ball
2-2: Foul Ball, location: 2F
2-2: Ball
3-2: Base on Balls
Batting: LHB Carl Coffman 0-0: Grounds into double play, 6-4-3 (Groundball, 6M)
Top of the 7th over - 0 runs, 0 hits, 0 errors, 0 left on base; Tennessee 3 - Kentucky 1
BOTTOM OF THE 7TH
Kentucky Wildcats batting - Pitching for Tennessee Volunteers : RHP Jim Frank
Batting: RHB Ken Jenkins 0-0: Ball
1-0: Called Strike
1-1: Ball
2-1: Called Strike
2-2: Ball
3-2: Base on Balls
Batting: RHB Sam Robinson 0-0: Ball
1-0: Foul Ball, location: 2F
1-1: Ball
2-1: Ball
3-1: Called Strike
3-2: 2-RUN HOME RUN (Flyball, 7LD), Distance : 332 ft
Pitching: LHP John Roe
Pinch Hitting: RHB Andy Johnston 0-0: Called Strike
0-1: Ball
1-1: Foul Ball, location: 2F
1-2: SINGLE (Line Drive, 89S)
Batting: RHB Jacob Burke 0-0: Sac Bunt - play at first, batter OUT! 3-4
Andy Johnston to second
Batting: RHB Lewis Childress 0-0: Ball
1-0: Foul Ball, location: 2F
1-1: Swinging Strike
1-2: Foul Ball, location: 2F
1-2: Fly out, F9 (Flyball, 9LSF)
Batting: RHB Haywood Young 0-0: Ball
1-0: Ball
2-0: Called Strike
2-1: Called Strike
2-2: Ball
3-2: Foul Ball, location: 2F
3-2: Fly out, F2 (Popup, 25F)
Bottom of the 7th over - 2 runs, 2 hits, 0 errors, 1 left on base; Tennessee 3 - Kentucky 3
TOP OF THE 8TH
Tennessee Volunteers batting - Pitching for Kentucky Wildcats : RHP Doug Sales
Now at SS: Johnny Carson
Batting: RHB Gary Washington 0-0: Fly out, F5 (Line Drive, 56)
Pitching: RHP Pedro Flores
Batting: RHB Rodney Walker 0-0: Ball
1-0: SINGLE (Line Drive, 78M)
Batting: RHB Lorne McClain 0-0: Ball
1-0: Ball
Rodney Walker steals 2nd base
2-0: Intentional Walk
Pinch Hitting: LHB Tom McTier 0-0: Ball
1-0: Ball
2-0: Ball
3-0: Base on Balls
Rodney Walker to third
Lorne McClain to second
Batting: RHB John Pickup 0-0: Fly out, F8 (Flyball, 78M)
Runner from 3rd tags up, SCORES, throw made
Batting: RHB Bruce Carr 0-0: Ball
1-0: Ball
2-0: Foul Ball, location: 2F
2-1: Ball
3-1: Base on Balls
Lorne McClain to third
Tom McTier to second
Batting: SHB Jared Calhoun 0-0: Ball
1-0: Ball
2-0: Ball
3-0: Base on Balls
Lorne McClain scores
Tom McTier to third
Bruce Carr to second
Batting: LHB Alfredo Cantú 0-0: Called Strike
0-1: Foul Ball, location: 2F
0-2: Strikes out looking
Top of the 8th over - 2 runs, 1 hit, 0 errors, 3 left on base; Tennessee 5 - Kentucky 3
BOTTOM OF THE 8TH
Kentucky Wildcats batting - Pitching for Tennessee Volunteers : LHP John Roe
Now in CF: Tom McTier
Batting: SHB Russ Beasley 0-0: Ball
1-0: Ball
2-0: Ground out 6-3 (Groundball, 6)
Batting: LHB Caden Cleveland 0-0: Ball
1-0: Fly out, F2 (Popup, 25F)
Batting: RHB Gabriel Sánchez 0-0: Fly out, F4 (Line Drive, 4M)
Bottom of the 8th over - 0 runs, 0 hits, 0 errors, 0 left on base; Tennessee 5 - Kentucky 3
TOP OF THE 9TH
Tennessee Volunteers batting - Pitching for Kentucky Wildcats : RHP Pedro Flores
Batting: LHB Carl Coffman 0-0: Called Strike
0-1: Ball
1-1: SINGLE (Groundball, 34D)
Batting: RHB Gary Washington 0-0: Called Strike
0-1: Foul Ball, location: 2F
0-2: Foul Ball, location: 2F
0-2: Foul Ball, location: 2F
0-2: Ball
1-2: Strikes out swinging
Batting: RHB Rodney Walker 0-0: Swinging Strike
0-1: Ball
1-1: Foul Ball, location: 2F
1-2: Ball
2-2: Strikes out swinging
Batting: RHB Lorne McClain 0-0: Called Strike
0-1: Foul Ball, location: 2F
0-2: Ball
1-2: Strikes out looking
Top of the 9th over - 0 runs, 1 hit, 0 errors, 1 left on base; Tennessee 5 - Kentucky 3
BOTTOM OF THE 9TH
Kentucky Wildcats batting - Pitching for Tennessee Volunteers : LHP John Roe
Pitching: LHP Tony Féliz
Batting: RHB Ken Jenkins 0-0: Ball
1-0: Fly out, F8 (Flyball, 8RM)
Batting: RHB Sam Robinson 0-0: Called Strike
0-1: SOLO HOME RUN (Line Drive, 7D), Distance : 348 ft
Batting: RHB Johnny Carson 0-0: Called Strike
0-1: Ball
1-1: Swinging Strike
1-2: Ball
2-2: Strikes out swinging
Batting: RHB Jacob Burke 0-0: Called Strike
0-1: Foul Ball, location: 2F
0-2: Ball
1-2: Foul Ball, location: 2F
1-2: Ball
2-2: Ball
3-2: Base on Balls
Batting: RHB Lewis Childress 0-0: Ball
1-0: Ball
2-0: SINGLE (Groundball, 56S) (infield hit)
Jacob Burke to second
Pitching: RHP Jeff Colón
Batting: RHB Haywood Young 0-0: Ball
1-0: Foul Ball, location: 2F
1-1: Foul Ball, location: 2F
1-2: Ball
2-2: Ball
3-2: Foul Ball, location: 2F
3-2: Foul Ball, location: 2F
3-2: Ground out 4-3 (Groundball, 4)
Bottom of the 9th over - 1 run, 2 hits, 0 errors, 2 left on base; Tennessee 5 - Kentucky 4
Saturday, December 16th, 2017 - OOTP Baseball 18.8 Build 76